 Dungeon Crawl Stone Soup version 0.22-a0-86-g94e0ad4 (webtiles) character file.

40 Grimoiregrey the Cudgeler (level 3, -1/33 HPs)
             Began as a Minotaur Berserker on Jan 20, 2018.
             Was a Believer of Trog.
             Slain by a goblin (4 damage)
             ... led by Robin
             ... on level 2 of the Dungeon.
             The game lasted 00:08:56 (806 turns).

Grimoiregrey the Cudgeler (Minotaur Berserker)       Turns: 806, Time: 00:08:57

Health: -1/33      AC:  2    Str: 21    XL:     3   Next: 30%
Magic:  2/2        EV: 12    Int:  5    God:    Trog [**....]
Gold:   57         SH:  0    Dex:  9    Spells: 2/2 levels left

rFire    + . .     SeeInvis .   a - +0 mace
rCold    + . .     Gourm    .   (no shield)
rNeg     . . .     Faith    .   b - +0 animal skin
rPois    +         Spirit   .   (helmet restricted)
rElec    +         Reflect  .   (no cloak)
rCorr    +         Harm     .   (no gloves)
MR       .....                  (no boots)
Stlth    +.........             (no amulet)
HPRegen  0.11/turn              (no ring)
MPRegen  0.08/turn              (no ring)

@: resistant
A: retaliatory headbutt, horns 2
a: Berserk, Trog's Hand, Burn Spellbooks, Renounce Religion


You were on level 2 of the Dungeon.
You worshipped Trog.
Trog was pleased with you.
You were not hungry.

You visited 1 branch of the dungeon, and saw 2 of its levels.

You collected 57 gold pieces.

Inventory:

Hand Weapons
 a - a +0 mace (weapon)
 l - a +0 whip
Missiles
 o - 22 stones (quivered)
Armour
 b - a +0 animal skin (worn)
Scrolls
 d - a scroll of fog {unknown}
 e - 2 scrolls of identify {unknown}
 f - a scroll of teleportation {unknown}
 h - a scroll of enchant armour {unknown}
 p - a scroll of magic mapping {unknown}
Potions
 g - a potion of resistance
 i - a potion of flight {unknown}
 j - a potion of heal wounds {unknown}
 k - a potion of lignification {unknown}
 m - a potion of curing {unknown}
 n - a potion of might {unknown}
 q - a potion of invisibility {unknown}
Comestibles
 c - 2 rations


   Skills:
 - Level 4.0 Fighting
 + Level 5.0 Maces & Flails
 - Level 2.4 Armour
 - Level 2.3 Dodging


You had 2 spell levels left.
You didn't know any spells.

Dungeon Overview and Level Annotations

Branches:
Dungeon (2/15)

Altars:

Annotations:
D:2 Robin


Innate Abilities, Weirdness & Mutations

You reflexively headbutt those who attack you in melee.
You have a pair of horns on your head.


Message History

Robin throws the goblin at you!
* * * LOW HITPOINT WARNING * * *
The goblin hits you but does no damage. The goblin closely misses you.
The hobgoblin no longer looks unusually strong.
The goblin unwields an uncursed dagger.
The goblin wields a hunting sling.
The goblin shoots a stone.
The stone hits you.
* * * LOW HITPOINT WARNING * * *
An adder comes into view.
Things that are here:
a stone; an adder corpse The adder hisses angrily.
The goblin no longer looks unusually strong.
Robin roars a battlecry!
The goblins go into a battle-frenzy!
Robin throws the goblin at you!
The goblin unwields an uncursed hunting sling.
The goblin wields an uncursed dagger.
The goblin misses you. The hobgoblin barely misses you. The goblin hits you.
You die...

#.### #########
.....(##.......#
#.....g@gg(....#
####.###g..g...#
#...w...#
#.S....)#######
#.............#
#....$...)....#
..##.............#
.........#########
.......†.#


You could see a worm, Robin, an adder, 2 hobgoblins and 2 goblins.

Vanquished Creatures
  An adder (D:2)
  3 giant cockroaches
  7 goblins
  4 hobgoblins
  4 bats (D:1)
  A frilled lizard (D:1)
  3 kobolds
  4 rats (D:1)
27 creatures vanquished.

Notes
Turn   | Place    | Note
-------+----------+-------------------------------------------
     0 | D:1      | Grimoiregrey the Minotaur Berserker began the quest for the Orb.
     0 | D:1      | Reached XP level 1. HP: 19/19 MP: 0/0
   237 | D:1      | Reached skill level 4 in Maces & Flails
   237 | D:1      | Reached XP level 2. HP: 27/27 MP: 1/1
   751 | D:2      | Reached XP level 3. HP: 28/33 MP: 2/2
   775 | D:2      | Noticed Robin
   793 | D:2      | Reached ** piety under Trog
   798 | D:2      | Reached skill level 5 in Maces & Flails
   806 | D:2      | Slain by a goblin

Vault maps used:
D:1:      minmay_arrival_semitransparent, minivault_14, minivault_27
D:2:      led_sif_pool, first_ration, chequers_big_river, minmay_unequal,
          uniq_terence, uniq_robin

Skill      XL: |  1  2  3 |
---------------+----------+-----
Maces & Flails | 4 5 |  5.0
Fighting       | 4 |  4.0
Armour         | |  2.4
Dodging        | |  2.3

Action                   || total
-------------------------++-------
Melee: Mace              ||    40
       Headbutt          ||     5
  Use: Potion            ||     1
Armor: Animal skin       ||    15
Dodge: Dodged            ||    47

Table legend:
 A = Spawn XP
 B = Non-spawn XP
 C = Spawn XP percentage of total XP
 D = Spawn monster count
 E = Non-spawn monster count
 F = Spawn count percentage of total count
 G = Total turns spent on level
                    A         B        C        D         E        F      G
               +---------+---------+-------+---------+---------+-------+---------
         Total |       0 |      58 |   0.0 |       0 |      27 |   0.0 |   806
               +---------+---------+-------+---------+---------+-------+---------
           D:1 |       0 |      25 |   0.0 |       0 |      16 |   0.0 |   743
           D:2 |       0 |      33 |   0.0 |       0 |      11 |   0.0 |    63
               +---------+---------+-------+---------+---------+-------+---------
